 Dungeon Crawl Stone Soup version 0.30.1-9-gdf580d7c3d (webtiles) character file.

Game seed: 16828821262845682772

48330 Chiseanne the Thaumaturge (level 14, -6/85 HPs)
             Began as a Demonspawn Wanderer on Oct 4, 2023.
             Was an Elder of Vehumet.
             Mangled by a skeletal warrior
             ... wielding a +0 trident
              (23 damage)
             ... on level 15 of the Dungeon.
             The game lasted 01:08:11 (18082 turns).

Chiseanne the Thaumaturge (Demonspawn Wanderer)    Turns: 18082, Time: 01:08:11

Health: -6/85      AC: 14    Str:  9    XL:     14   Next: 11%
Magic:  17/31      EV: 13    Int: 22    God:    Vehumet [****..]
Gold:   401        SH: 13    Dex: 13    Spells: 28/39 levels left

rFire   + + .        a - +4 whip (elec)
rCold   . . .        Y - +1 kite shield
rNeg    + . .        N - +1 troll leather armour
rPois   +            d - +1 helmet
rElec   .            (cloak unavailable)
rCorr   .            h - +1 pair of gloves
SInv    +            n - +0 pair of boots
Will    +....        w - amulet of faith
Stlth   +            G - ring "Edakluck" {rPois rF+ rN+ SInv}
HPRegen 1.14/turn    R - ring of protection from fire
MPRegen 0.22/turn

%: faith
@: no status effects
A: molten scales 2, powered by death 1, spiny 2, weakness stinger 3,
teleportitis 1
a: Renounce Religion


You were on level 15 of the Dungeon.
You worshipped Vehumet.
Vehumet was greatly pleased with you.
You visited 2 branches of the dungeon, and saw 16 of its levels.
You also visited: Bailey.

You collected 921 gold pieces.
You spent 520 gold pieces at shops.

Inventory:

Hand Weapons
 a - a +4 whip of electrocution (weapon)
 s - the +7 long sword "Biagiu" {flame, rN+ Dex-4 Stlth+}
   (You found it on level 12 of the Dungeon)

   Dex:       It affects your dexterity (-4).
   rN:        It protects you from negative energy.
   Stlth:     It makes you more stealthy.
 J - a +0 scimitar of flaming
Missiles
 m - 3 throwing nets (quivered)
 O - a curare-tipped dart
 P - 6 silver boomerangs
Armour
 d - a +1 helmet (worn)
 h - a +1 pair of gloves (worn)
 n - a +0 pair of boots (worn)
 t - an orb of wrath
 y - a +1 robe of cold resistance
 C - +0 fire dragon scales
 N - a +1 troll leather armour (worn)
 Q - +1 acid dragon scales
 W - an orb of mayhem
 Y - a +1 kite shield (worn)
Magical Staves
 c - a staff of poison
 L - a staff of cold
Jewellery
 w - an amulet of faith (around neck)
 G - the ring "Edakluck" (left hand) {rPois rF+ rN+ SInv}
   (You bought it in a shop on level 7 of the Dungeon)

   [ring of see invisible]

   rF:        It protects you from fire.
   rPois:     It protects you from poison.
   rN:        It protects you from negative energy.
   SInv:      It lets you see invisible.
 K - an amulet of the acrobat
 R - a ring of protection from fire (right hand)
Wands
 E - a wand of polymorph (9)
 F - a wand of light (11)
 H - a wand of roots (6)
 I - a wand of flame (22)
 M - a wand of digging (11)
 T - a wand of charming (6)
Scrolls
 b - 2 scrolls of butterflies
 o - 6 scrolls of magic mapping
 r - 2 scrolls of blinking
 x - 3 scrolls of teleportation
 B - 3 scrolls of fog
 D - 3 scrolls of poison
 S - 3 scrolls of amnesia
 U - 3 scrolls of fear
 X - 3 scrolls of identify
 Z - 4 scrolls of immolation
Potions
 e - 4 potions of might
 f - 2 potions of berserk rage
 g - 2 potions of magic
 i - 3 potions of ambrosia
 j - 2 potions of curing
 k - 4 potions of flight
 p - a potion of invisibility
 q - 2 potions of haste
 u - 5 potions of brilliance
 v - 8 potions of heal wounds
 z - 3 potions of lignification
 A - 2 potions of mutation
Miscellaneous
 l - a box of beasts
 V - a phantom mirror


   Skills:
 - Level 5.0 Armour
 - Level 8.6 Dodging
 - Level 1.0 Stealth
 * Level 12.3 Shields
 * Level 13.4 Spellcasting
 - Level 10.5 Conjurations
 - Level 4.0 Summonings
 - Level 1.0 Evocations


You had 28 spell levels left.
You knew the following spells:

 Your Spells              Type           Power      Damage    Failure   Level
a - Magic Dart            Conj           100%       1d8       1%          1
b - Searing Ray           Conj           100%       2d8       1%          2
c - Sticky Flame          Conj/Fire      38%        2d6       5%          4
d - Mephitic Cloud        Conj/Pois/Air  30%        N/A       3%          3
f - Apportation           Tloc           28%        N/A       16%         1

Your spell library contained the following spells:

 Spells                   Type           Power      Damage    Failure   Level
 Iskenderun's Battlesphe  Conj           57%        2d11      1%          5
 Kiss of Death            Conj/Necr      100%       2d13      1%          1
 Static Discharge         Conj/Air       76%        2-6/arc   1%          2
 Stone Arrow              Conj/Erth      76%        3d11      1%          3
 Summon Small Mammal      Summ           100%       N/A       3%          1
 Sandblast                Erth           28%        2d8       4%          1
 Fulminant Prism          Conj/Hex       19%        3d10      5%          4
 Call Canine Familiar     Summ           32%        N/A       9%          3
 Frozen Ramparts          Ice            28%        1d5       13%         3
 Beastly Appendage        Tmut           28%        N/A       16%         1
 Necrotise                Necr           56%        1d6       16%         1
 Summon Guardian Golem    Hex/Summ       23%        N/A       21%         3
 Blink                    Tloc           28%        N/A       24%         2
 Passwall                 Tmut/Erth      11%        N/A       24%         2
 Wereblood                Tmut           14%        N/A       24%         2
 Orb of Destruction       Conj           28%        9d9       38%         7
 Ozocubu's Armour         Ice            14%        N/A       43%         3
 Portal Projectile        Hex/Tloc       28%        N/A       43%         3
 Spider Form              Tmut/Pois      14%        N/A       43%         3
 Iron Shot                Conj/Erth      19%        9d4       54%         6
 Animate Armour           Summ/Erth      46%        N/A       56%         4
 Summon Ice Beast         Ice/Summ       23%        N/A       56%         4
 Ice Form                 Ice/Tmut       14%        N/A       83%         4
 Summon Forest            Summ/Tloc      11%        N/A       88%         5
 Blade Hands              Tmut           7%         N/A       99%         5
 Metabolic Englaciation   Hex/Ice        7%         N/A       99%         5
 Simulacrum               Ice/Necr       7%         N/A       100%        6
 Ozocubu's Refrigeration  Ice            7%         4d9       100%        7
 Lehudib's Crystal Spear  Conj/Erth      19%        10d6      100%        8


Dungeon Overview and Level Annotations

Branches:
Dungeon (15/15)            Temple (1/1) D:6            Lair (0/5) D:10
    Orc (0/2) D:10         Vaults (0/5) D:14         Depths (0/4) D:15
 Bailey (visited)

Altars:
Ashenzari
Cheibriados
Dithmenos
Fedhas
Gozag
Hepliaklqana
Kikubaaqudgha
Makhleb
Nemelex Xobeh
Okawaru
Qazlal
Ru
Sif Muna
Trog
Vehumet
Wu Jian
Xom
Yredelemnul

Shops:
D:7 *   D:8 ==[[*

Annotations:
D:4 3 runed translucent doors, destino's ghost, amateur OpFE
D:8 3 runed translucent doors, gildax's ghost, novice DjAE
D:14 3 runed translucent doors, exclusion: player ghost, Uummannaq's ghost, journeyman MiFi


Innate Abilities, Weirdness & Mutations

You are mostly covered in molten scales. (AC +3)
You regenerate a little health from kills.
You are mostly covered in sharp spines.
You have a sharp stinger which inflicts weakening toxins.
You are occasionally teleported next to monsters.


Message History

The skeletal warrior burns!
The skeletal warrior stops burning.
The skeletal warrior hits you with a +0 dire flail!
The skeletal warrior hits you from afar with a +0 trident!!
The searing ray hits the skeletal warrior!
The skeletal warrior is severely damaged.
The searing ray misses the skeletal warrior.
You block the skeletal warrior's attack.
The skeletal warrior misses you.
The searing ray hits the skeletal warrior but does no damage.
The skeletal warrior is severely damaged.
The searing ray hits the skeletal warrior but does no damage.
The skeletal warrior is moderately damaged.
You finish channelling your searing ray.
You block the skeletal warrior's attack.
The skeletal warrior hits you from afar with a +0 trident!!
Casting: Searing Ray (safe; 1% risk of failure)
Confirm with . or Enter, or press ? or * to list all spells.
Aiming: Searing Ray (safe; 1% risk of failure)
Press: ? - help, Shift-Dir - straight line, f/p - skeletal warrior
Aim: a skeletal warrior, wielding a +0 dire flail (severely damaged, 83% to hit)
The searing ray hits the skeletal warrior!
The skeletal warrior is severely damaged.
The searing ray hits the skeletal warrior.
The skeletal warrior is moderately damaged. (Press . to maintain the ray.)
You block the skeletal warrior's attack. x2
The searing ray misses the skeletal warrior.
The searing ray hits the skeletal warrior.
The skeletal warrior is moderately damaged.
You block the skeletal warrior's attack.
The skeletal warrior is struck by your spines.
The skeletal warrior hits you with a +0 dire flail.
The searing ray hits the skeletal warrior!
The skeletal warrior is almost destroyed.
The searing ray hits the skeletal warrior.
The skeletal warrior is moderately damaged.
The skeletal warrior hits you with a +0 dire flail!!
* * * LOW HITPOINT WARNING * * *
The skeletal warrior hits you from afar with a +0 trident!!
You die...

###'##########################)..
.......................# #...
###.#############'#######+####...
..#.#............................
..#.#.#..##...#..#..#..#....z###.
..###.........#.....#.....#......
.# ####.........................
## #....###'#####........###.
####.#..'...@zz.#.##..#......
#.......#######'#.........?..
#.#.##### #................ #.#.#
#...#............ #...#
#...#............ #####
#.....z....####+# ###+##....#8
###### ....# .....# z#..#


You could see 2 skeletal warriors.

Vanquished Creatures
  A fire dragon (D:14)
  Fannar (D:12)
  A yaktaur captain (D:15)
  Erolcha (D:9)
  A vault guard (D:14)
  A hydra (D:15)
  5 centaur warriors
  An ogre mage (D:15)
  A tengu warrior (D:15)
  A boulder beetle (D:15)
  3 two-headed ogres (D:15)
  4 skeletal warriors
  Amaemon (D:8)
  A wizard (D:15)
  A deep elf pyromancer (D:13)
  7 cyclopes
  A wolf spider (D:15)
  20 ugly things
  2 manticores (D:14)
  A salamander (D:15)
  An orange demon (D:8)
  Maggie (D:9)
  A kobold demonologist (D:14)
  An efreet (D:14)
  3 komodo dragons
  2 ice devils (D:13)
  A tengu conjurer (D:15)
  5 trolls
  3 meliai (D:14)
  Grinder (D:6)
  5 slime creatures
  Sigmund (D:5)
  2 shadows
  3 wraiths
  2 spriggans (Bailey)
  4 yaks (D:10)
  2 vampires (D:12)
  A wyvern (D:9)
  5 vampire mosquitoes (D:14)
  Grum (D:9)
  Menkaure (D:6)
  Edmund (D:5)
  An acid dragon (shapeshifter) (D:15)
  2 acid dragons
  3 black bears
  7 orc warriors
  2 sky beasts (D:7)
  7 centaurs
  4 ogres
  2 wolves (D:9)
  Blork the orc (D:6)
  4 kobold brigands
  A gnoll sergeant (D:11)
  7 bullfrogs
  4 scorpions
  A hornet simulacrum (D:15)
  2 howler monkeys
  An electric eel (D:7)
  3 hounds
  3 jellies
  Crazy Yiuf (D:6)
  8 orc priests
  Jessica (D:2)
  4 iguanas
  7 orc wizards
  9 gnolls
  7 adders
  A shadow imp (D:7)
  3 white imps
  A dart slug (D:3)
  34 orcs
  4 endoplasms
  4 giant cockroaches
  5 hobgoblins
  3 jackals (D:4)
  31 kobolds
  4 quokkas
  4 ball pythons
  5 bats
  5 frilled lizards
  8 goblins
  6 rats
  A spectral hobgoblin (D:9)
313 creatures vanquished.

Vanquished Creatures (collateral kills)
  A manticore (D:15)
  3 gnolls (D:3)
  2 adders (D:2)
  An orc (D:3)
  A bat (D:1)
  3 endoplasms
  A giant cockroach (D:2)
  A goblin (D:1)
  A hobgoblin (D:2)
  A ball python (D:1)
  A frilled lizard (D:2)
  2 kobolds (D:1)
  3 rats
21 creatures vanquished.

Vanquished Creatures (others)
  A fire dragon (D:15)
1 creature vanquished.

Grand Total: 335 creatures vanquished

Notes
Turn   | Place    | Note
-------+----------+-------------------------------------------
     0 | D:1      | Chiseanne the Demonspawn Wanderer began the quest for the
                  | Orb.
     0 | D:1      | Chiseanne set off with the following items: a +0 dagger, a
                  | scroll of butterflies, a +0 robe, a +0 helmet; and the
                  | following spells available to memorise: Summon Small
                  | Mammal, Kiss of Death, Static Discharge, Summon Guardian
                  | Golem, Sticky Flame.
     0 | D:1      | Reached XP level 1. HP: 13/13 MP: 2/2
     2 | D:1      | Learned a level 1 spell: Summon Small Mammal
     4 | D:1      | Learned a level 1 spell: Kiss of Death
   237 | D:1      | Gained mutation: You regenerate a little health from kills.
                  | [demonic ancestry]
   237 | D:1      | Reached XP level 2. HP: 19/19 MP: 2/4
  1032 | D:2      | Gained mutation: You have a small tail. [demonic ancestry]
  1032 | D:2      | Reached XP level 3. HP: 22/24 MP: 5/5
  1595 | D:2      | Reached skill level 2 in Spellcasting
  1641 | D:2      | Noticed Jessica
  1666 | D:2      | Killed Jessica
  1667 | D:2      | Reached XP level 4. HP: 13/30 MP: 4/7
  2405 | D:3      | Gained mutation: You are partially covered in sharp spines.
                  | [demonic ancestry]
  2405 | D:3      | Reached XP level 5. HP: 23/35 MP: 3/8
  2903 | D:3      | Reached skill level 3 in Spellcasting
  3153 | D:4      | Found a runed translucent gate.
  3153 | D:4      | Found a runed translucent gate.
  3153 | D:4      | Found a runed translucent gate.
  3262 | D:4      | Reached XP level 6. HP: 41/41 MP: 9/11
  3271 | D:4      | Learned a level 1 spell: Magic Dart
  3274 | D:4      | Learned a level 2 spell: Searing Ray
  4052 | D:4      | Noticed destino's ghost (amateur OpFE)
  4052 | D:4      | Noticed an ice beast
  4053 | D:4      | Noticed an ice beast
  4153 | D:5      | Entered Level 5 of the Dungeon
  4269 | D:5      | Found a basalt altar of Yredelemnul.
  4406 | D:5      | Found a shimmering blue altar of Sif Muna.
  4424 | D:5      | Gained mutation: You have a tail ending in a sharp stinger.
                  | [demonic ancestry]
  4424 | D:5      | Reached XP level 7. HP: 38/46 MP: 8/12
  4509 | D:5      | Reached skill level 4 in Spellcasting
  4683 | D:5      | Noticed Sigmund
  4684 | D:5      | Reached skill level 5 in Conjurations
  4697 | D:5      | Killed Sigmund
  4803 | D:5      | Noticed Edmund
  4827 | D:5      | Killed Edmund
  4828 | D:5      | Gained mutation: You are partially covered in molten
                  | scales. (AC +2) [demonic ancestry]
  4828 | D:5      | Reached XP level 8. HP: 25/52 MP: 5/15
  5109 | D:5      | Reached skill level 5 in Spellcasting
  5201 | D:5      | Found a sparkling altar of Nemelex Xobeh.
  5202 | D:5      | Noticed Grinder
  5297 | D:6      | Killed Grinder
  5298 | D:6      | Reached skill level 5 in Dodging
  5439 | D:6      | Noticed Menkaure
  5450 | D:6      | Killed Menkaure
  5643 | D:6      | Found a staircase to the Ecumenical Temple.
  5658 | Temple   | Entered the Ecumenical Temple
  5799 | Temple   | Became a worshipper of Vehumet
  5865 | D:6      | Noticed Blork the orc
  5872 | D:6      | Killed Blork the orc
  5891 | D:6      | Reached skill level 6 in Spellcasting
  6033 | D:6      | Found a large runed translucent door.
  6033 | D:6      | Found a large runed translucent door.
  6569 | D:6      | Found a runed translucent door.
  6570 | D:6      | Noticed Crazy Yiuf
  6578 | D:6      | Killed Crazy Yiuf
  6667 | D:6      | Found a blossoming altar of Fedhas.
  6676 | D:6      | Found a shadowy altar of Dithmenos.
  6683 | D:6      | Reached XP level 9. HP: 47/57 MP: 18/18
  6773 | D:7      | Reached * piety under Vehumet
  6773 | D:7      | Offered knowledge of Sandblast by Vehumet.
  7488 | D:7      | Found Jiafey's Assorted Antiques.
  7491 | D:7      | Bought a serpentine bone ring for 135 gold pieces
  7491 | D:7      | Identified the ring "Edakluck" {rPois rF+ rN+ SInv} (You
                  | bought it in a shop on level 7 of the Dungeon)
  7491 | D:7      | Bought 2 scrolls labelled HESTEB HEA for 54 gold pieces
  7491 | D:7      | Bought a scroll of teleportation for 81 gold pieces
  7506 | D:7      | Found a broken altar of Ashenzari.
  7507 | D:7      | Got the Tractate on Feathery Concussion
  7513 | D:7      | Learned a level 3 spell: Stone Arrow
  7517 | D:7      | Learned a level 3 spell: Mephitic Cloud
  7812 | D:8      | Found a shimmering altar of Xom.
  7818 | D:8      | Found an ornate altar of the Wu Jian Council.
  7820 | D:8      | Found Pisag's Armour Emporium.
  7833 | D:8      | Found Voshren's Armour Shoppe.
  7979 | D:8      | Found a flagged portal.
  7991 | Bailey   | Entered a bailey
  8034 | Bailey   | Reached skill level 7 in Spellcasting
  8087 | Bailey   | Noticed a two-headed ogre
  8315 | D:8      | Found Fayhoys's Assorted Antiques.
  8331 | D:8      | Bought a scroll labelled YLIOFRITU YLONN for 33 gold pieces
  8331 | D:8      | Bought a fuming purple potion for 29 gold pieces
  8551 | D:8      | Offered knowledge of Scorch by Vehumet.
  8558 | D:8      | Reached ** piety under Vehumet
  8586 | D:8      | Found Teviza's Jewellery Shoppe.
  8681 | D:8      | Found a runed translucent gate.
  8681 | D:8      | Found a runed translucent gate.
  8681 | D:8      | Found a runed translucent gate.
  8683 | D:8      | Found an opulent altar of Gozag.
  8686 | D:8      | Noticed gildax's ghost (novice DjAE)
  8692 | D:8      | Identified the +4 plate armour "Ceibb" {Str+2 Dex+3}
  8803 | D:8      | Noticed an orange demon
  8806 | D:8      | Noticed Amaemon
  8811 | D:8      | Killed an orange demon
  8819 | D:8      | Killed Amaemon
  8820 | D:8      | Gained mutation: You are mostly covered in molten scales.
                  | (AC +3) [demonic ancestry]
  8820 | D:8      | Reached XP level 10. HP: 63/63 MP: 4/21
  9039 | D:8      | Found Faodwosm's Jewellery Emporium.
  9101 | D:8      | Learned a level 4 spell: Sticky Flame
  9103 | D:8      | Learned a level 1 spell: Apportation
  9197 | D:9      | Noticed Erolcha
  9218 | D:9      | Killed Erolcha
  9219 | D:9      | Reached skill level 8 in Spellcasting
  9291 | D:9      | Noticed Grum
  9313 | D:9      | Killed Grum
  9601 | D:9      | Found a hazy altar of Hepliaklqana.
  9867 | D:9      | Found a stormy altar of Qazlal.
 10061 | D:9      | Noticed Maggie
 10076 | D:9      | Killed Maggie
 10180 | D:10     | Entered Level 10 of the Dungeon
 10334 | D:10     | Reached skill level 1 in Armour
 10543 | D:10     | Reached skill level 9 in Spellcasting
 10618 | D:10     | Reached skill level 10 in Conjurations
 10700 | D:10     | Found a staircase to the Lair.
 10816 | D:10     | Reached XP level 11. HP: 59/68 MP: 11/24
 11154 | D:10     | Offered knowledge of Poisonous Vapours by Vehumet.
 11405 | D:10     | Found a staircase to the Orcish Mines.
 12217 | D:11     | Reached *** piety under Vehumet
 12574 | D:11     | Gained mutation: You are mostly covered in sharp spines.
                  | [demonic ancestry]
 12574 | D:11     | Reached XP level 12. HP: 74/74 MP: 25/25
 12622 | D:12     | Identified the +7 long sword "Biagiu" {flame, rN+ Dex-4
                  | Stlth+}
 12957 | D:12     | Noticed Fannar
 12973 | D:12     | Killed Fannar
 13185 | D:12     | Reached skill level 10 in Spellcasting
 13455 | D:8      | Bought a shadowed robe for 188 gold pieces
 13455 | D:8      | Identified the +2 robe of Yesterday {Rampage rC+ Str+5
                  | Int-3} (You bought it in a shop on level 8 of the Dungeon)
 13819 | D:12     | Reached skill level 5 in Armour
 14136 | D:13     | Identified the +4 scale mail "Jaimi" {Will+++ rCorr Str-2}
 14180 | D:13     | Offered knowledge of Flame Wave by Vehumet.
 14183 | D:13     | Found a frozen archway.
 14360 | D:13     | Found a shadowy altar of Dithmenos.
 14462 | D:13     | Noticed a centaur warrior
 14474 | D:13     | Killed a centaur warrior
 14531 | D:13     | Noticed a centaur warrior
 14541 | D:13     | Killed a centaur warrior
 14922 | D:14     | Found a runed translucent gate.
 14922 | D:14     | Found a runed translucent gate.
 14922 | D:14     | Found a runed translucent gate.
 14925 | D:14     | Noticed Uummannaq's ghost (journeyman MiFi)
 15072 | D:14     | Reached skill level 11 in Spellcasting
 15078 | D:14     | Reached XP level 13. HP: 45/79 MP: 10/28
 15445 | D:14     | Reached skill level 10 in Shields
 15510 | D:14     | Noticed a fire dragon
 15525 | D:14     | Killed a fire dragon
 15594 | D:14     | Found a gate to the Vaults.
 15848 | D:14     | Reached **** piety under Vehumet
 15987 | D:14     | Reached skill level 12 in Spellcasting
 15994 | D:14     | Offered knowledge of Iskenderun's Battlesphere by Vehumet.
 16562 | D:15     | Entered Level 15 of the Dungeon
 17083 | D:15     | Reached skill level 13 in Spellcasting
 17120 | D:15     | Got the Codex of the Boreal Traveller
 17129 | D:15     | Found a shimmering altar of Xom.
 17129 | D:15     | Found a shimmering altar of Xom.
 17132 | D:15     | Found a shimmering altar of Xom.
 17132 | D:15     | Found a shimmering altar of Xom.
 17133 | D:15     | Found a shimmering altar of Xom.
 17457 | D:15     | Noticed a fire dragon
 17484 | D:15     | Gained mutation: You have a sharp stinger which inflicts
                  | weakening toxins. [demonic ancestry]
 17484 | D:15     | Reached XP level 14. HP: 66/85 MP: 24/31
 17610 | D:15     | Noticed a ghost moth
 17656 | D:15     | Found a staircase to the Depths.
 17669 | D:15     | Gained mutation: You are occasionally teleported next to
                  | monsters. [a shining eye]
 17704 | D:15     | Chiseanne: such a stupid shit
 18082 | D:15     | Mangled by a skeletal warrior

Illustrated notes

Levels and vault maps discovered:
D:1:      heliophobic_arrival_ceremonial_halls, layout_basic,
          minmay_misc_feat_secret_circle, minmay_misc_feat_more_columns
D:2:      layout_basic, grunt_decor_mini_mirrors, minmay_misc_feat_diagonals,
          uniq_jessica
D:3:      layout_rooms, kennysheep_generic_room_15
D:4:      layout_loops_corners, gammafunk_ghost_icy, lightli_minifort
D:5:      layout_rooms, nemelex_spade_bored_becter, mainiacjoe_overflow_paths,
          nicolae_sif_muna_condensation, amcnicky_mini_rare_corridor_liquid,
          uniq_grinder, uniq_edmund, uniq_sigmund
D:6:      layout_loops_ring, jmf_multi_god_temple2, temple_fountains,
          uniq_menkaure, uniq_crazy_yiuf_cottage, uniq_blork_the_orc
D:7:      layout_loops_ring, evilmike_ruin_ashenzari, serial_shops, shop,
          minivault_4, minmay_crystal_water
D:8:      minmay_klotski, layout_basic, grunt_temple_overflow_open,
          ebering_ghost_gozag, enter_bailey_3, serial_shops, shop,
          nicolae_shop_gaudy_bauble, nicolae_shop_tiny_statue_garden,
          nicolae_lakefront_shop, shop, hangedman_decor_clover_reticule,
          uniq_amaemon
D:9:      layout_irregular_city, nicolae_hepliaklqana_monster_ancestors,
          grunt_qazlal_clouds, uniq_erolcha, uniq_grum, uniq_maggie
D:10:     layout_stronghold, due_lair_maze_entry_diamond, david_orc_4
D:11:     layout_basic
D:12:     layout_loops_ring, kennysheep_crisscross, minmay_strange_pillars,
          uniq_fannar
D:13:     layout_roguey, portal_ice_cave_demonic_guard,
          nicolae_dithmenos_shadow_blocks
D:14:     layout_roguey, david_vaults_5, ebering_ghost_rock_garden
D:15:     hangedman_depths_entry_try_elsewhere_first, layout_stronghold,
          xom_redecorated, grunt_ministairs_1, minivault_1, dispersion_dpeg
Temple:   jpeg_temple_clearing

Skill      XL: |  1  2  3  4  5  6  7  8  9 10 11 12 13 |
---------------+----------------------------------------+-----
Dodging        | 2 3 4 6 7 8 |  8.6
Spellcasting   | 2 3 4 6 7 9 11 13 | 13.4
Conjurations   | 3 4 5 7 8 10 | 10.5
Armour         | 2 3 5 |  5.0
Shields        | 7 9 12 | 12.3
Stealth        | |  1.0
Summonings     | |  4.0
Evocations     | |  1.0

Action                     |  1- 3 |  4- 6 |  7- 9 | 10-12 | 13-15 || total
---------------------------+-------+-------+-------+-------+-------++-------
  Melee: Dagger            |    39 |       |       |       |       ||    39
         Short sword       |    14 |       |       |       |       ||    14
         Rapier            |    34 |    71 |     6 |       |       ||   111
         Tailslap          |     3 |    10 |    13 |    24 |    26 ||    76
         Whip              |       |       |    68 |   155 |   117 ||   340
         Punch             |       |       |     1 |     1 |       ||     2
   Fire: Sling             |     2 |       |       |       |       ||     2
  Throw: Dart              |       |     7 |    11 |     4 |       ||    22
         Throwing net      |       |     1 |     1 |       |       ||     2
   Cast: Summon Small Mamm |    29 |    29 |       |       |       ||    58
         Kiss of Death     |     1 |       |       |       |       ||     1
         Magic Dart        |       |    18 |    78 |    46 |    33 ||   175
         Searing Ray       |       |     8 |    38 |    46 |    51 ||   143
         Mephitic Cloud    |       |       |     8 |    34 |    21 ||    63
         Sticky Flame      |       |       |       |    44 |    49 ||    93
  Evoke: Wand              |       |       |    10 |     3 |     5 ||    18
    Use: Scroll            |     7 |     9 |     8 |    12 |     2 ||    38
         Potion            |       |       |     1 |     2 |       ||     3
   Stab: Sleeping          |     2 |     4 |       |       |       ||     6
         Confused          |       |       |       |     9 |     2 ||    11
 Armour: Robe              |    37 |    39 |       |       |       ||    76
         Leather armour    |       |       |    42 |     4 |       ||    46
         Troll leather arm |       |       |       |    50 |    50 ||   100
  Dodge: Dodged            |    53 |    82 |    91 |   151 |   107 ||   484
  Block: Kite shield       |       |       |       |    68 |   127 ||   195
